 Dungeon Crawl Stone Soup version 0.28.0-53-g5a82cb258f (webtiles) character file.

Game seed: 12664484822303669804

269 Sin92 the Skirmisher (level 6, -18/48 HPs)
             Began as a Demonspawn Fighter on June 8, 2022.
             Blown up by Ijyb (20 damage)
             ... with a mindburst bolt
             ... on level 3 of the Dungeon.
             The game lasted 00:02:42 (2426 turns).

Sin92 the Skirmisher (Demonspawn Fighter)           Turns: 2426, Time: 00:02:42

Health: -18/48     AC:  6    Str: 12    XL:     6   Next: 1%
Magic:  6/6        EV:  9    Int:  9    God:
Gold:   89         SH: 12    Dex: 22    Spells: 5/5 levels left

rFire   x . .      SeeInvis +   d - +2 spear of Holasaazue {vorpal, rF- Str-4 Dex+7 SInv}
rCold   . . .      Faith    .   c - +0 buckler
rNeg    . . .      Spirit   .   b - +0 scale mail
rPois   .          Reflect  .   (no helmet)
rElec   .          Harm     .   (no cloak)
rCorr   .          Rampage  .   (no gloves)
Will    .....                   (no boots)
Stlth   ..........              (no amulet)
HPRegen 0.16/turn               (no ring)
MPRegen 0.10/turn               (no ring)

@: no status effects
A: large bone plates 2, powered by pain 1, weakness stinger 1
a: no special abilities


You were on level 3 of the Dungeon.
You visited 1 branch of the dungeon, and saw 4 of its levels.

You collected 89 gold pieces.

Inventory:

Hand Weapons
 a - a +1 war axe
 d - the +2 spear of Holasaazue (weapon) {vorpal, rF- Str-4 Dex+7 SInv}
   (You found it on level 3 of the Dungeon)

   It inflicts extra damage upon your enemies.
   Str:       It affects your strength (-4).
   Dex:       It affects your dexterity (+7).
   rF:        It makes you vulnerable to fire.
   SInv:      It lets you see invisible.
Armour
 b - a +0 scale mail (worn)
 c - a +0 buckler (worn)
Jewellery
 g - a ring of ice
Scrolls
 h - 2 scrolls of fog
 k - a scroll of immolation
Potions
 j - a potion of magic


   Skills:
 + Level 3.9 Fighting
 - Level 2.2(2.7) Axes
 * Level 2.1(2.7) Polearms
 + Level 3.5 Armour
 + Level 1.9 Dodging
 + Level 3.6 Shields


You had 5 spell levels left.
You didn't know any spells.
Your spell library contained the following spells:

 Spells                   Type           Power      Damage    Failure   Level
 Sting                    Tmut/Pois      0%         1d3       95%         1
 Animate Armour           Summ/Erth      0%         N/A       100%        4
 Olgreb's Toxic Radiance  Pois           0%         N/A       100%        4


Dungeon Overview and Level Annotations

Branches:
Dungeon (4/15)
 Temple: D:4-7

Altars:

Annotations:
D:3 Ijyb
D:4 Dowan, Duvessa, Eustachio


Innate Abilities, Weirdness & Mutations

You are mostly covered in large bone plates. (SH +6)
You sometimes gain a little power by taking damage.
You have a small tail.


Message History

Found a potion of heal wounds.
There is a stone staircase leading up here.
The iguana hisses angrily.
Eustachio shouts!
Eustachio mumbles some strange words.
Eustachio blinks!
You block the adder skeleton's attack.
A howler monkey comes into view.
Ijyb zaps a wand.
Your mind is blasted!
There is a stone staircase leading up here.
The howler monkey hoots and howls with incredible vigour!
The iguana bites you but does no damage.
The ogre closely misses you. Ijyb hits you but does no damage.
You climb upwards.
There is a stone staircase leading down here.
You puncture the ogre!
The ogre is moderately wounded.
Ijyb completely misses you. The ogre barely misses you.
You hit the ogre.
The ogre is heavily wounded.
You block Ijyb's attack. You block the ogre's attack.
You hit the ogre.
The ogre is severely wounded.
You block Ijyb's attack.
You hit the ogre.
The ogre is almost dead.
The ogre hits you with a +0 giant spiked club!!
Ouch! That really hurt!
* * * LOW HITPOINT WARNING * * *
Ijyb barely misses you.
You hit the ogre.
You kill the ogre!
Ijyb barely misses you.
Your Polearms skill increases to level 2!
You have reached level 6!
Your demonic ancestry asserts itself...
You grow a small tail.
Okay, then.
Okay, then.
You hit Ijyb but do no damage.
Ijyb zaps a wand.
Your mind is blasted!
You die...

#############################
....>..........)@gl.........#
##############.###########.##
#.# #.# #.# #.# #.# #.# #.#
#.# #.# #.# #.# #.# #.# #.#


You could see Ijyb and an iguana.

Vanquished Creatures
  A sky beast (D:3)
  An ogre (D:3)
  A jelly (D:3)
  2 adders (D:2)
  A worm (D:3)
  2 dart slugs
  An orc (D:3)
  3 bats
  6 endoplasms
  3 giant cockroaches
  5 goblins
  3 hobgoblins (D:3)
  8 kobolds
  4 quokkas
  4 ball pythons
  2 frilled lizards (D:3)
  A rat (D:3)
48 creatures vanquished.

Notes
Turn   | Place    | Note
-------+----------+-------------------------------------------
     0 | D:1      | Sin92 the Demonspawn Fighter began the quest for the Orb.
     0 | D:1      | Reached XP level 1. HP: 18/18 MP: 1/1
   145 | D:1      | You fall into a shaft and drop 1 floor!
   147 | D:2      | Gained mutation: You are partially covered in large bone
                  | plates. (SH +4) [demonic ancestry]
   147 | D:2      | Reached XP level 2. HP: 24/24 MP: 2/2
   485 | D:2      | Found a faded altar of an unknown god.
   685 | D:2      | Reached XP level 3. HP: 29/29 MP: 3/3
   915 | D:2      | Reached skill level 1 in Dodging
  1579 | D:3      | Gained mutation: You sometimes gain a little power by
                  | taking damage. [demonic ancestry]
  1579 | D:3      | Reached XP level 4. HP: 11/35 MP: 4/4
  1616 | D:3      | Identified the +2 spear of Holasaazue {vorpal, rF- Str-4
                  | Dex+7 SInv}
  1808 | D:3      | Got Upnetu Zatao's Catalogue of Earthen Venom
  2042 | D:4      | Noticed Ijyb
  2042 | D:4      | Noticed a sky beast
  2045 | D:4      | Noticed Dowan
  2066 | D:3      | Killed a sky beast
  2067 | D:3      | Reached skill level 1 in Polearms
  2067 | D:3      | Gained mutation: You are mostly covered in large bone
                  | plates. (SH +6) [demonic ancestry]
  2067 | D:3      | Reached XP level 5. HP: 20/42 MP: 5/5
  2414 | D:4      | Noticed Duvessa
  2414 | D:4      | Noticed an ogre
  2414 | D:4      | Noticed an ogre
  2414 | D:4      | Noticed Eustachio
  2424 | D:3      | HP: 2/42 [ogre/+0 giant spiked club (26)]
  2425 | D:3      | Killed an ogre
  2426 | D:3      | Gained mutation: You have a small tail. [demonic ancestry]
  2426 | D:3      | Reached XP level 6. HP: 2/48 MP: 6/6
  2426 | D:3      | Blown up by Ijyb

Illustrated notes

Levels and vault maps discovered:
D:1:      minmay_arrival_semitransparent, layout_loops_ring, st_stairs_5
D:2:      layout_loops_ring, dreamdust_ecumenical_altar_angels_and_demons,
          hangedman_decor_slide_cut
D:3:      layout_basic, minmay_fractal_squares_5
D:4:      layout_rooms, cheibrodos_ashenzari_chains,
          mainiacjoe_overflow_catwalk, uniq_ijyb, uniq_pikel, uniq_eustachio,
          uniq_duvessa

Skill      XL: |  1  2  3  4  5 |
---------------+----------------+-----
Axes           | 2 |  2.2
Armour         | 3 |  3.5
Shields        | 3 |  3.6
Dodging        | 1 |  1.9
Polearms       | 1 2 |  2.1
Fighting       | |  3.9

Action                   |  1- 3 |  4- 6 || total
-------------------------+-------+-------++-------
Melee: War axe           |    86 |    20 ||   106
       Spear             |       |    33 ||    33
  Use: Potion            |     1 |     2 ||     3
       Scroll            |       |     4 ||     4
Armor: Scale mail        |    34 |    10 ||    44
Dodge: Dodged            |    37 |    17 ||    54
Block: Buckler           |    41 |    28 ||    69
